 Dungeon Crawl Stone Soup version 0.16.0-18-g484a79e (webtiles) character file.

32 inmateoo the Insei (level 3, 0/29 HPs)
             Began as a Draconian Transmuter on Mar 22, 2015.
             Succumbed to an adder's poison
             ... on level 1 of the Dungeon.
             The game lasted 00:02:26 (1099 turns).

inmateoo the Insei (Draconian Transmuter)           Turns: 1099, Time: 00:02:27

Health: 0/29       AC:  6    Str: 12    XL:     3   Next: 8%
Magic:  6/6        EV: 12    Int: 18    God:
Gold:   0          SH:  0    Dex: 12    Spells: 1 memorised, 5 levels left

rFire  . . .     SeeInvis .       - Unarmed
rCold  . . .     Clarity  .     (armour unavailable)
rNeg   . . .     SustAb   .     (no shield)
rPois  .         Gourm    .     (helmet restricted)
rElec  .         Spirit   .     (no cloak)
rCorr  .         Warding  .     l - +0 pair of gloves
rMut   .         Stasis   .     (no boots)
MR     .....                    (no amulet)
Stlth  +.........               (no ring)
                                (no ring)

@: brilliant, lethally poisoned (0 -> -4), very slightly contaminated, hasted,
very quick, not resistant to hostile enchantments, very unstealthy
A: unfitting armour, cold-blooded, AC +5
a: no special abilities


You were on level 1 of the Dungeon.
You were hungry.

You visited 1 branch of the dungeon, and saw 1 of its levels.

Inventory:

Missiles
 b - 12 arrows
Armour
 l - a +0 pair of gloves (worn)
Scrolls
 c - 2 scrolls of remove curse {unknown}
 g - a scroll of identify {unknown}
 h - a scroll of teleportation {unknown}
 i - a scroll of enchant armour {unknown}
 m - a scroll of fog {unknown}
Potions
 e - 2 potions of haste
Books
 d - a book of Changes

   Spells                             Type                      Level
   a - Beastly Appendage              Transmutation                1
   b - Sticks to Snakes               Transmutation                2
   c - Spider Form                    Transmutation/Poison         3
   d - Ice Form                       Ice/Transmutation            4
   e - Blade Hands                    Transmutation                5
Comestibles
 a - 2 bread rations
 k - 4 fruits


   Skills:
 + Level 1.9 Fighting
 + Level 1.8 Dodging
 * Level 3.6 Unarmed Combat
 + Level 2.2 Spellcasting
 + Level 2.2 Transmutations


You had 5 spell levels left.
You knew the following spells:

 Your Spells              Type           Power        Failure   Level  Hunger
a - Beastly Appendage     Trmt           ###...       1%          1    #......


Dungeon Overview and Level Annotations

Branches:
Dungeon (1/15)

Altars:


Innate Abilities, Weirdness & Mutations

Your plain brown scales are hard (AC +5).
Your body does not fit into most forms of armour.
Your cold-blooded metabolism reacts poorly to cold.


Message History

Drink which item? (? for menu, Esc to quit)
It was a potion of haste.
You feel yourself speed up.
* * * LOW HITPOINT WARNING * * *
You feel sick.
You are very lightly contaminated with residual magic.
Drink which item? (? for menu, Esc to quit)
It was a potion of brilliance.
You feel clever all of a sudden.
Drink which item? (? for menu, Esc to quit)
It was a potion of cure mutation.
It has a very clean taste.
Your horns disappear.
* * * LOW HITPOINT WARNING * * *
You feel sick.
Drink which item? (? for menu, Esc to quit)
Okay, then.
Sorry, you're not good enough to have a special ability.
* * * LOW HITPOINT WARNING * * *
You feel sick.
There is an open door here.
You die...

#####.###......##>###..# #≈ # #.#
######.##.# ### ### ## #.#
#....#.##.# #... .##
##+###.##.#.##.## #..≈≈ #.#
##...##.#..#.##..# #.§≈≈ .##
##.....#.#.##.###.# ##..§ ##
##......#.#....###.# ####
.####.......#.######.#.#######.#.
....+.........'.@................
.####.........####.....#######.#.
## ##.......## #.....# #.## #
##.....## #.....# #.## # ##...##
#.....# #.## ##### ##'## ###.###
#.#. .....####.### #.# #.#.
####........# #.# #... .#
#........########.# ###.


There were no monsters in sight!

Vanquished Creatures
  An adder (D:1)
  A giant gecko (D:1)
  6 bats (D:1)
  A giant cockroach (D:1)
  A goblin (D:1)
  A hobgoblin (D:1)
  2 giant newts (D:1)
  2 jackals (D:1)
  4 kobolds (D:1)
  4 rats (D:1)
23 creatures vanquished.

Notes
Turn   | Place    | Note
--------------------------------------------------------------
     0 | D:1      | inmateoo, the Draconian Transmuter, began the quest for the Orb.
     0 | D:1      | Reached XP level 1. HP: 16/16 MP: 3/3
   301 | D:1      | Reached XP level 2. HP: 23/23 MP: 2/4
  1089 | D:1      | Reached XP level 3. HP: 3/29 MP: 6/6
  1095 | D:1      | HP: 1/29 [poisoned by an adder]
  1099 | D:1      | Succumbed to an adder's poison

Action                   || total
-------------------------++-------
Melee: Unarmed           ||   106
 Cast: Beastly Appendage ||     7
  Use: Potion            ||     3
